 Dungeon Crawl Stone Soup version 0.31-a0-986-g5e6e4ef867 (webtiles) character file.

Game seed: 546715900393755930

218 DocClef the Changeling (level 5, -3/27 HPs)
             Began as a Vine Stalker Shapeshifter on Nov 7, 2023.
             Slain by a scorpion (4 damage)
             ... on level 4 of the Dungeon.
             The game lasted 00:02:33 (2729 turns).

DocClef the Changeling (Vine Stalker Shapeshifter)  Turns: 2729, Time: 00:02:35

Health: -3/27      AC:  2    Str: 16 (18) XL:     5   Next: 95%
Magic:  0/6        EV: 12    Int:  9 (10) God:
Gold:   258        SH:  4    Dex: 13 (14) Spells: 4/4 levels left

rFire   . . .        p - +1 short sword (holy)
rCold   . . .        m - +0 buckler
rNeg    + . .        a - +0 animal skin
rPois   .            (helmet currently unavailable)
rElec   .            (cloak currently unavailable)
rCorr   .            (gloves currently unavailable)
SInv    .            (boots currently unavailable)
Will    .....        (no amulet)
Stlth   +            n - ring of positive energy
HPRegen 1.04/turn    (no ring)
MPRegen 0.10/turn

%: guardian spirit
@: lethally poisoned (-3 -> -5), beast-form
A: beast (slay +2), fangs 2, regeneration 1, magic shield, antimagic bite, no
potion heal 2
a: Begin Untransformation


You were on level 4 of the Dungeon.
You were a hulking beast.
You visited 1 branch of the dungeon, and saw 4 of its levels.

You collected 258 gold pieces.

Inventory:

Hand Weapons
 p - a +1 short sword of holy wrath (weapon)
Armour
 a - a +0 animal skin (worn)
 m - a +0 buckler (worn)
Jewellery
 n - a ring of positive energy (left hand)
 o - a ring of wizardry
Talismans
 c - a beast talisman
 d - a flux talisman
Scrolls
 g - 3 scrolls of noise {unknown}
 i - 2 scrolls of identify {unknown}
 j - a scroll of blinking {unknown}
 q - a scroll of enchant weapon {unknown}
 r - a scroll of fear {unknown}
 s - a scroll of fog {unknown}
 t - a scroll of vulnerability {unknown}
Potions
 b - 2 potions of lignification
 e - 2 potions of curing
 f - a potion of degeneration
 h - a potion of brilliance {unknown}
 k - a potion of heal wounds {unknown}
 l - 2 potions of ambrosia {unknown}


   Skills:
 + Level 2.5 Fighting
 + Level 1.4 Short Blades
 + Level 2.8 Dodging
 - Level 3.5 Unarmed Combat
 + Level 3.9 Shapeshifting


You had 4 spell levels left.
You didn't know any spells.
Your spell library contained the following spells:

 Spells                   Type           Power      Damage    Failure   Level
 Sting                    Tmut/Pois      0%         1d3       47%         1
 Poisonous Vapours        Pois/Air       0%         N/A       63%         2
 Olgreb's Toxic Radiance  Pois           0%         N/A       99%         4


Dungeon Overview and Level Annotations

Branches:
Dungeon (4/15)
 Temple: D:4-7

Altars:
Dithmenos

Shops:
D:1 [

Annotations:
D:3 2 transporters, grimpoem's ghost, amateur DsCj


Innate Abilities, Weirdness & Mutations

You are a hulking beast.
Your limbs bulge with bestial killing power. (Slay +2)
You have extremely sharp teeth.
Your natural rate of healing is unusually fast.
When hurt, damage is shared between your health and your magic reserves.
Your bite disrupts and absorbs the magic of your enemies.
Potions cannot restore your health.


Message History

The scorpion is lightly wounded.
You block the scorpion's attack. The scorpion barely misses you.
You hit the scorpion. Your bite misses the scorpion.
The scorpion is moderately wounded.
The scorpion stings you.
You are poisoned.
The scorpion poisons you!
You hit the scorpion but do no damage. Your bite misses the scorpion.
The scorpion is moderately wounded.
You feel very sick. The scorpion stings you.
You are more poisoned.
The scorpion poisons you!
You hit the scorpion. You bite the scorpion. You drain its power.
You feel invigorated.
The scorpion is severely wounded.
You feel very sick. The scorpion stings you.
You are lethally poisoned!
The scorpion poisons you!
You closely miss the scorpion.
The scorpion is severely wounded.
* * * LOW HITPOINT WARNING * * *
You feel extremely sick. The scorpion stings you.
* * * LOW HITPOINT WARNING * * *
Unknown command.
It was a potion of curing.
Your system rejects the healing.
You feel better. The scorpion stings you.
* * * LOW HITPOINT WARNING * * *
You are lethally poisoned!
The scorpion poisons you!
Unknown command.
It was a potion of degeneration.
There was something very wrong with that liquid.
You feel weakened.
You feel dopey.
You feel clumsy.
* * * LOW HITPOINT WARNING * * *
You feel very sick. The scorpion stings you.
You die...

#....>...........
##.####.####.
†.........#####...
.............
####.###### #...
........##### #.# #..#
#######.# #.# #..# #.#
#.# #... >.# #.. ..# ..#
### #s# #..#
############## #h#####
#...
.............###.....#
############.##...##....
#............
####...##### ##.## #.#
#.. ####


You could see a scorpion.

Vanquished Creatures
  An ogre (D:3)
  A jelly (D:4)
  3 adders (D:2)
  2 worms
  4 dart slugs
  5 bats
  4 endoplasms
  3 giant cockroaches
  5 goblins
  6 hobgoblins
  9 kobolds
  3 quokkas
  6 ball pythons
  4 frilled lizards
  5 rats
61 creatures vanquished.

Notes
Turn   | Place    | Note
-------+----------+-------------------------------------------
     0 | D:1      | DocClef the Vine Stalker Shapeshifter began the quest for
                  | the Orb.
     0 | D:1      | Reached XP level 1. HP: 9/9 MP: 2/2
    66 | D:1      | Found Jeawut's Armour Shoppe.
    95 | D:1      | Reached skill level 1 in Fighting
   258 | D:1      | Reached XP level 2. HP: 14/14 MP: 3/3
   448 | D:1      | Reached XP level 3. HP: 18/18 MP: 2/4
  1215 | D:2      | Reached XP level 4. HP: 18/23 MP: 5/5
  1226 | D:2      | Found Miewn's Distillery.
  1917 | D:3      | Found a transporter.
  1917 | D:3      | Noticed grimpoem's ghost (amateur DsCj)
  1966 | D:3      | Noticed an ogre
  1976 | D:3      | Killed an ogre
  1977 | D:3      | Reached skill level 1 in Short Blades
  1977 | D:3      | Reached XP level 5. HP: 27/27 MP: 6/6
  2171 | D:3      | Found a transporter.
  2627 | D:4      | Found a shadowy altar of Dithmenos.
  2729 | D:4      | HP: 1/27 [poisoned by a scorpion]
  2729 | D:4      | Slain by a scorpion

Illustrated notes

Levels and vault maps discovered:
D:1:      dpeg_arrival_arbitrary_a, layout_loops_cross, serial_shops, shop,
          minivault_5, grunt_decor_one_mirror, chequers_decorated_corner,
          minmay_circled_x
D:2:      layout_loops_corners, serial_shops, nicolae_shop_peninsula,
          minmay_tromino_mix6
D:3:      layout_loops_cross, gammafunk_ghost_arena
D:4:      layout_loops_ring, chequers_temple_overflow_statue_of_worship,
          mainiacjoe_overflow_24_doors

Skill      XL: |  1  2  3  4 |
---------------+-------------+-----
Fighting       | 1 2 |  2.5
Dodging        | 2 |  2.8
Short Blades   | 1 |  1.4
Unarmed Combat | |  3.5
Shapeshifting  | |  3.9

Action                     |  1- 3 |  4- 6 || total
---------------------------+-------+-------++-------
  Melee: Unarmed           |    80 |    20 ||   100
         Bite              |    17 |    22 ||    39
         Short sword       |       |    56 ||    56
    Use: Potion            |       |     2 ||     2
 Armour: Animal skin       |    28 |    31 ||    59
  Dodge: Dodged            |    34 |    35 ||    69
  Block: Buckler           |     5 |     9 ||    14

Table legend: (Time is in decaauts)
 A = Elapsed time spent in this place.
 B = Non-inter-level travel time spent in this place.
 C = Inter-level travel time spent in this place.
 D = Time resting spent in this place.
 E = Time spent auto-exploring this place.
 F = Levels seen in this place.
 G = Mean time per level.
                   A        B        C        D        E       F      G
               +--------+--------+--------+--------+--------+-----+--------+
         Total |   2723 |   2640 |     83 |      9 |   2243 |   4 |  680.8 |
       Dungeon |   2723 |   2640 |     83 |      9 |   2243 |   4 |  680.8 |
               +--------+--------+--------+--------+--------+-----+--------+

Top non-repeatable levels by time:
     D:2: 993 daAuts
     D:1: 871 daAuts
     D:3: 588 daAuts
     D:4: 271 daAuts
